 Dungeon Crawl Stone Soup version bcrawl-1.34.1 (webtiles) character file.

Game seed: 3071934719568979837

132046 HammerPanzer the Cudgeler (level 4, -1/37 HPs)
             Began as an Oni Skald on Sept 15, 2021.
             Slain by an ogre
             ... wielding a +0 giant club
              (16 damage)
             ... on level 3 of the Dungeon.
             The game lasted 00:07:17 (1841 turns).

HammerPanzer the Cudgeler (Oni Skald)               Turns: 1841, Time: 00:07:17

Health: -1/37      AC:  4    Str: 16    XL:     4   Next: 51%
Magic:  4/9        EV: 12    Int: 14    God:
Gold:   76         SH:  0    Dex: 10    Spells: 7/8 levels left

rFire    . . .     SeeInvis +   a - +0 flail
rCold    . . .     Gourm    .   (no shield)
rNeg     . . .     Faith    .   j - +0 leather armour
rPois    .         Spirit   .   (helmet restricted)
rElec    .         Reflect  .   (no cloak)
rCorr    .         Harm     .   g - +0 pair of gloves
MR       .....                  (no boots)
Stlth    +.........             (no amulet)
HPRegen  0.12/turn              n - ring of see invisible
MPRegen  0.11/turn              (no ring)

@: infused (expiring)
A: oni magic, claws 1, fangs 1, horns 1
a: no special abilities


You were on level 3 of the Dungeon.
You were hungry.

You visited 1 branch of the dungeon, and saw 3 of its levels.

You collected 76 gold pieces.

Inventory:

Hand Weapons
 a - a +0 flail (weapon)
Armour
 g - a +0 pair of gloves (worn)
 i - a +2 chain mail of poison resistance
 j - a +0 leather armour (worn)
Jewellery
 n - a ring of see invisible (left hand)
Scrolls
 d - 2 scrolls of fear
 l - a scroll of remove curse
Potions
 b - a potion of heal wounds {unknown}
 c - a potion of mutation
 f - 2 potions of agility
 k - a potion of invisibility {unknown}
 m - a potion of brilliance {unknown}
Comestibles
 e - 8 rations {!d}
 h - a chunk of flesh


   Skills:
 + Level 2.6 Fighting
 * Level 3.6 Maces & Flails
 + Level 1.5 Armour
 + Level 2.2 Dodging
 + Level 2.6 Spellcasting
   Level 2.6 Conjurations
   Level 2.6 Hexes
   Level 2.6 Charms
   Level 2.6 Summonings
   Level 2.6 Necromancy
   Level 2.6 Translocations
   Level 2.6 Transmutations
   Level 2.6 Fire Magic
   Level 2.6 Ice Magic
   Level 2.6 Air Magic
   Level 2.6 Earth Magic
   Level 2.6 Poison Magic


You had 7 spell levels left.
You knew the following spells:

 Your Spells              Type           Power        Failure   Level  Hunger
a - Infusion              Chrm           ##......     8%          1    None

Your spell library contained the following spells:

 Spells                   Type           Power        Failure   Level  Hunger
 Shackle                  Hex            ##......     12%         2    ##.....
 Song of Slaying          Chrm           ##......     12%         2    ##.....
 Sticks to Snakes         Tmut           ##......     12%         2    ##.....
 Swiftness                Chrm/Air       #.......     14%         2    ##.....
 Ozocubu's Armour         Chrm/Ice       #.......     28%         3    ####...
 Regeneration             Chrm/Necr      #.........   28%         3    ####...
 Spectral Weapon          Hex/Chrm       #.......     28%         3    ####...


Dungeon Overview and Level Annotations

Branches:
Dungeon (3/12)

Altars:


Innate Abilities, Weirdness & Mutations

You learn spells by gaining experience, not through books or religion.
You only train spellcasting to practice magic.
You have sharp fingernails.
You have very sharp teeth.
You have a pair of small horns on your head.


Message History

You hit Natasha.
You kill Natasha!
Natasha screams in fury as she dies!
The shadow imp disappears in a puff of smoke!
You are feeling hungry.
An ogre comes into view. It is wielding a +0 giant club.
You have encountered a dangerous foe!
The ogre shouts!
Your magical infusion is running out.
Okay, then.
You hit the ogre. You headbutt the ogre. You bite the ogre, but do no damage.
The ogre is moderately wounded.
The ogre closely misses you.
You hit the ogre! You bite the ogre, but do no damage.
The ogre is severely wounded.
The ogre hits you with a +0 giant club!
You hit the ogre!
The ogre is almost dead.
The ogre hits you with a +0 giant club!
You die...

.. .# .# .#
############### .#
............(.# .######
######........####......#
..............>.@O......+
######........####......#
#........# ......#
#........# ......#
#.######## ......# #.#
......# #.# #......
......


You could see an ogre.

Vanquished Creatures
  Natasha (D:3)
  2 worms
  3 dart slugs (D:1)
  3 leopard geckos
  2 giant cockroaches
  7 goblins
  6 hobgoblins
  3 jackals (D:2)
  7 kobolds
  A quokka (D:2)
  A ball python (D:1)
  4 bats
  A frilled lizard (D:1)
  5 rats
46 creatures vanquished.

Notes
Turn   | Place    | Note
-------+----------+-------------------------------------------
     0 | D:1      | HammerPanzer the Oni Skald began the quest for the Orb.
     0 | D:1      | Reached XP level 1. HP: 17/17 MP: 5/5
   175 | D:1      | Reached XP level 2. HP: 19/24 MP: 7/7
   268 | D:1      | Reached skill level 1 in Armour
   428 | D:1      | Reached skill level 3 in Maces & Flails
   612 | D:1      | Reached XP level 3. HP: 29/29 MP: 8/8
  1439 | D:2      | Reached XP level 4. HP: 37/37 MP: 9/9
  1823 | D:3      | Noticed Natasha
  1833 | D:3      | Killed Natasha
  1835 | D:3      | Noticed an ogre
  1841 | D:3      | Slain by an ogre

Skill      XL: |  1  2  3 |
---------------+----------+-----
Armour         | 1 |  1.5
Maces & Flails | 3 |  3.6
Dodging        | 2 |  2.2
Fighting       | |  2.6
Spellcasting   | |  2.6
Conjurations   | |  2.6
Hexes          | |  2.6
Charms         | |  2.6
Summonings     | |  2.6
Necromancy     | |  2.6
Translocations | |  2.6
Transmutations | |  2.6
Fire Magic     | |  2.6
Ice Magic      | |  2.6
Air Magic      | |  2.6
Earth Magic    | |  2.6
Poison Magic   | |  2.6

Action                   |  1- 3 |  4- 6 || total
-------------------------+-------+-------++-------
Melee: Flail             |    98 |    18 ||   116
       Bite              |    10 |     2 ||    12
       Headbutt          |    13 |     1 ||    14
Throw: Stone             |     1 |       ||     1
 Cast: Infusion          |       |     1 ||     1
  Use: Scroll            |     6 |       ||     6
  Eat: Chunk             |     5 |     1 ||     6
Armor: Leather armour    |    32 |     2 ||    34
       Chain mail        |    13 |       ||    13
Dodge: Dodged            |    59 |     7 ||    66
